 Dungeon Crawl Stone Soup version 0.25.1-2-g60ff931df9 (webtiles) character file.

Game seed: 11490405548292547572

189 Ethylacetat the Chiller (level 5, -2/42 HPs)
             Began as a Naga Ice Elementalist on Aug 15, 2020.
             Was a Follower of Cheibriados.
             Slain by an orc
             ... wielding a +0 trident
              (8 damage)
             ... on level 3 of the Dungeon.
             The game lasted 00:09:20 (2298 turns).

Ethylacetat the Chiller (Naga Ice Elementalist)     Turns: 2298, Time: 00:09:20

Health: -2/42      AC:  3    Str: 13    XL:     5   Next: 68%
Magic:  3/9        EV: 10    Int: 19    God:    Cheibriados [*.....]
Gold:   118        SH:  0    Dex: 15    Spells: 6/10 levels left

rFire    . . .     SeeInvis +   f - +0 dagger
rCold    . . .     Gourm    .   (no shield)
rNeg     . . .     Faith    .   a - +0 robe
rPois    +         Spirit   .   (no helmet)
rElec    .         Reflect  .   (no cloak)
rCorr    +         Harm     .   m - +0 pair of gloves
MR       .....                  (no barding)
Stlth    ++........             (no amulet)
HPRegen  0.14/turn              k - ring of resist corrosion
MPRegen  0.11/turn              (no ring)

@: short of breath, very slow
A: large, see invisible, deformed body, poison resistance, slowness 2, slow
metabolism 1, spit poison 1, AC +1
a: Spit Poison, Bend Time, Renounce Religion


You were on level 3 of the Dungeon.
You worshipped Cheibriados.
Cheibriados was aware of your devotion.
You were hungry.

You visited 1 branch of the dungeon, and saw 3 of its levels.

You collected 118 gold pieces.

Inventory:

Hand Weapons
 f - a +0 dagger (weapon)
Armour
 a - a +0 robe (worn)
 m - a +0 pair of gloves (worn)
Jewellery
 k - a ring of resist corrosion (left hand)
 q - an uncursed ring of protection from magic {unknown}
Scrolls
 b - a scroll of magic mapping {unknown}
 d - 3 scrolls of enchant weapon {unknown}
 e - 3 scrolls of remove curse {unknown}
 h - a scroll of teleportation {unknown}
 i - a scroll of enchant armour {unknown}
 l - a scroll of identify {unknown}
Potions
 j - a potion of mutation {unknown}
 n - a potion of might {unknown}
 o - a potion of lignification {unknown}
 p - a potion of degeneration {unknown}
Comestibles
 c - 4 rations
 g - 2 chunks of flesh


   Skills:
 - Level 1.5 Dodging
 - Level 3.0 Stealth
 + Level 3.2 Spellcasting
 * Level 5.7 Ice Magic
 + Level 1.9 Invocations


You had 6 spell levels left.
You knew the following spells:

 Your Spells              Type           Power        Failure   Level  Hunger
a - Freeze                Ice            ###.         1%          1    None
b - Frozen Ramparts       Ice            ###...       4%          3    ###....

Your spell library contained the following spells:

 Spells                   Type           Power        Failure   Level  Hunger
 Ozocubu's Armour         Chrm/Ice       ##......     14%         3    ###....
 Hailstorm                Conj/Ice       ##......     41%         4    ####...
 Summon Ice Beast         Ice/Summ       ##......     41%         4    ####...


Dungeon Overview and Level Annotations

Branches:
Dungeon (3/15)

Altars:
Cheibriados
Dithmenos
Hepliaklqana
Xom


Innate Abilities, Weirdness & Mutations

You cannot wear boots.
Your serpentine skin is tough. (AC +1)
You have supernaturally acute eyesight. (SInv)
Armour fits poorly on your strangely shaped body.
Your system is resistant to poisons. (rPois)
You cover ground very slowly.
You have a slow metabolism.
You can spit poison.


Message History

Aim: Terence, wielding a +0 mace and wearing a +0 scale mail (almost dead)
You freeze Terence!
You kill Terence!
Cheibriados appreciates the change of pace.
Items here: ) [ ÷ †† a +0 mace; a +0 scale mail; the human corpse of Terence; an adder corpse a quokka skeleton Butcher the human corpse of Terence? [(y)es/(n)o/(a)ll/(q)uit/?]
You butcher the human corpse of Terence.
You butcher the adder corpse.
The orc hits you from afar with a +0 trident!
* * * LOW HITPOINT WARNING * * *
Items here: %% ) [ ÷÷÷
Press: ? - help, Shift-Dir - straight line, f - orc
Aim: an orc, wielding a +0 trident The splash of poison hits the orc.
The orc is poisoned.
The orc is severely wounded.
You feel slightly more hungry.
The orc hits you from afar with a +0 trident!
You die...

...............
...............
...).......####
.......)..##
.o.........
##.......)###
#.......)).#
.##<# .##@#
..##.>......
..####o.....
####..#.........
#...b..... .....
#......... .....
#<.ooo.... ....
#..S...... ....
#...@.....


You could see an orc (poisoned).

Vanquished Creatures
  An orc wizard (D:3)
  Terence (D:3)
  An adder (D:3)
  4 gnolls (D:2)
  3 worms (D:2)
  A dart slug (D:2)
  5 leopard geckos
  7 orcs
  3 ball pythons
  3 giant cockroaches
  4 goblins
  8 hobgoblins
  2 quokkas
  11 bats
  4 frilled lizards
  8 kobolds
  6 rats
72 creatures vanquished.

Notes
Turn   | Place    | Note
-------+----------+-------------------------------------------
     0 | D:1      | Ethylacetat the Naga Ice Elementalist began the quest for
                  | the Orb.
     0 | D:1      | Reached XP level 1. HP: 15/15 MP: 3/3
   302 | D:1      | Reached XP level 2. HP: 20/22 MP: 1/5
   613 | D:1      | Reached XP level 3. HP: 28/28 MP: 4/6
   810 | D:1      | Learned a level 3 spell: Frozen Ramparts
  1078 | D:2      | Found a snail-covered altar of Cheibriados.
  1102 | D:2      | Became a worshipper of Cheibriados the Contemplative
  1188 | D:2      | Found a shimmering altar of Xom.
  1194 | D:2      | Found a shimmering altar of Xom.
  1194 | D:2      | Found a shimmering altar of Xom.
  1194 | D:2      | Found a shimmering altar of Xom.
  1327 | D:2      | Reached skill level 5 in Ice Magic
  1364 | D:2      | Reached XP level 4. HP: 33/36 MP: 4/8
  1395 | D:2      | Reached skill level 1 in Invocations
  1696 | D:2      | Reached * piety under Cheibriados
  1935 | D:2      | Found a shadowy altar of Dithmenos.
  1935 | D:2      | Noticed a shadow
  2022 | D:2      | Found a hazy altar of Hepliaklqana.
  2153 | D:3      | Noticed Terence
  2160 | D:2      | Reached XP level 5. HP: 34/42 MP: 1/9
  2294 | D:3      | Killed Terence
  2298 | D:3      | Slain by an orc

Illustrated notes

Levels and vault maps discovered:
D:1:      dpeg_arrival_tiny_a, layout_loops_cross
D:2:      layout_basic, riverfiend_overflow_shadow_ancestor, xom_redecorated,
          first_ration, kennysheep_slug_shrine
D:3:      minmay_recursive_quarters, layout_rooms, uniq_terence

Skill      XL: |  1  2  3  4 |
---------------+-------------+-----
Ice Magic      | 5 |  5.7
Invocations    | 1 |  1.9
Spellcasting   | 3 |  3.2
Dodging        | |  1.5
Stealth        | |  3.0

Action                   |  1- 3 |  4- 6 || total
-------------------------+-------+-------++-------
Melee: Unarmed           |     8 |       ||     8
       Dagger            |    18 |    11 ||    29
 Cast: Freeze            |    24 |    21 ||    45
       Frozen Ramparts   |       |     5 ||     5
 Abil: Spit Poison       |    36 |    17 ||    53
 Stab: Sleeping          |       |     1 ||     1
  Eat: Chunk             |     3 |     3 ||     6
Armor: Robe              |     9 |     5 ||    14
Dodge: Dodged            |    40 |    17 ||    57
